AoeStats
← Calife Abu-bakr

Enclosed

506679354Analyzed
1v1 RM · 18d ago on Sep 14, 2026· 34m 1s· 2 players
Game mode
Random Map
Map size
Tiny (2 player)
Population
200
Speed
Normal
Resources
Standard
Victory
Conquest
Starting age
Dark Age
Ending age
Imperial Age
RankedLock teamsTeams togetherTeam positionsShared explorationLock speedFull tech treeHidden civsTurbo modeCheats
Victory
Defeat
🇲🇦 Bohemians · Morocco
794
+14
🇪🇸 Britons · Spain
757
-14
SirFelatus
0:27 Loom
10:33 Feudal Age
11:02 Town Watch
11:13 Double-Bit Axe
12:14 Horse Collar
20:28 Castle Age
18:36 Gold Mining
21:24 Forging
21:20 Scale Barding Armor
22:08 Heavy Plow
22:20 Bow Saw
24:40 Elite Skirmisher
25:17 Fletching
25:30 Padded Archer Armor
28:28 Bodkin Arrow
31:22 Wheelbarrow
31:40 Husbandry
Calife Abu-bakr
10:50 Feudal Age
9:38 Loom
13:01 Horse Collar
13:11 Double-Bit Axe
17:32 Castle Age
16:59 Padded Archer Armor
20:03 Chemistry
20:27 Leather Archer Armor
23:52 Heavy Plow
24:06 Bow Saw
Connection lost

Rejoining the realm…

Still unreachable

The connection could not be restored.

Session expired

The server has moved on; the page needs a fresh start.